 Dungeon Crawl Stone Soup version 0.20-a0-1127-g1289703 (webtiles) character file.

89 MTVSty1e the Grave Robber (level 4, -2/37 HPs)
             Began as a Demonspawn Necromancer on May 18, 2017.
             Killed from afar by Natasha (7 damage)
             ... with a magic dart
             ... on level 4 of the Dungeon.
             The game lasted 00:09:28 (3085 turns).

MTVSty1e the Grave Robber (Demonspawn Necromancer)  Turns: 3085, Time: 00:09:30

Health: -2/37      AC:  2    Str:  9    XL:     4   Next: 31%
Magic:  14/16      EV: 12    Int: 17    God:
Gold:   130        SH:  0    Dex: 13    Spells: 3/7 levels left

rFire    . . .     SeeInvis .   f - +1 short sword
rCold    + . .     Gourm    .   (no shield)
rNeg     . . .     Faith    .   a - +0 robe
rPois    .         Spirit   .   (helmet restricted)
rElec    .         Reflect  .   (no cloak)
rCorr    .         Harm     +   (no gloves)
MR       .....                  (no boots)
Stlth    ++........             w - amulet of harm
Regen    1.2/turn               j - ring of magical power
MPRegen  0.2/turn               u - ring of protection from cold

@: regenerating (expiring)
A: antennae 2, claws 1
a: no special abilities


You were on level 4 of the Dungeon.
You were not hungry.

You visited 1 branch of the dungeon, and saw 4 of its levels.

You collected 130 gold pieces.

Inventory:

Hand Weapons
 d - a +0 mace
 f - a +1 short sword (weapon)
 i - a +0 dagger
Armour
 a - a +0 robe (worn)
 m - a +0 chain mail
 r - a +0 plate armour
Jewellery
 h - an uncursed ring of positive energy
 j - a ring of magical power (left claw)
 o - an uncursed ring of positive energy
 u - a ring of protection from cold (right claw)
 w - an amulet of harm (around neck)
Wands
 t - a wand of paralysis (0/24)
Scrolls
 g - 3 scrolls of identify
Potions
 c - 2 potions of heal wounds {unknown}
 e - 2 potions of lignification {unknown}
 k - a potion of haste
 l - a potion of flight {unknown}
 n - a potion of agility {unknown}
 q - a potion of magic {unknown}
 v - a potion of mutation {unknown}
Books
 b - a book of Necromancy

   Spells                             Type                      Level
   a - Pain                           Necromancy                   1
   b - Animate Skeleton               Necromancy                   1
   c - Vampiric Draining              Necromancy                   3
   d - Regeneration                   Charms/Necromancy            3
   e - Animate Dead                   Necromancy                   4
   f - Control Undead                 Necromancy                   4
Comestibles
 p - 2 bread rations


   Skills:
 + Level 4.0 Fighting
 + Level 0.0 Short Blades
 + Level 0.0 Armour
 + Level 1.7 Dodging
 + Level 1.7 Stealth
 + Level 2.0 Spellcasting
 + Level 4.3 Necromancy


You had 3 spell levels left.
You knew the following spells:

 Your Spells              Type           Power        Failure   Level  Hunger
a - Pain                  Necr           ###.         3%          1    #......
b - Regeneration          Chrm/Necr      #.........   24%         3    ###....


Dungeon Overview and Level Annotations

Branches:
Dungeon (4/15)
 Temple: D:4-7

Altars:
Sif Muna
Wu Jian
Yredelemnul

Annotations:
D:4 Natasha


Innate Abilities, Weirdness & Mutations

You have a pair of antennae on your head.
You have sharp fingernails.


Message History

* * * LOW HITPOINT WARNING * * *
The white imp gestures at you. The puff of frost hits you! You resist.
* * * LOW HITPOINT WARNING * * *
Natasha claws you.
* * * LOW HITPOINT WARNING * * *
The crimson imp barely misses you.
The adder skeleton bites you but does no damage.
Evoke which item? (* to show all) (? for menu, Esc to quit)
Aiming: Paralyse (will waste charges)
Press: ? - help, Shift-Dir - straight line, f - Natasha
Aim: Natasha (lightly wounded, chance to defeat MR: 46%) Natasha resists with some effort.
Evoking this partially-identified wand wasted a few charges.
The shadow imp hits you.
* * * LOW HITPOINT WARNING * * *
The white imp closely misses you.
Natasha stares at you and mumbles some strange words.
The magic dart hits you!
You die...

#♣.....♣
♣.....♣
♣.....♣
♣....♣# ♣....♣
#♣...♣#
#♣...♣♣
#.######♣..♣♣#
#....h@Z..♣#
####.555.##
###..........
####.......
######.


You could see Natasha, a crimson imp, a white imp, a shadow imp and an adder
skeleton.

Vanquished Creatures
  4 adders
  4 dart slugs
  A leopard gecko (D:2)
  5 bats
  3 giant cockroaches
  5 goblins
  5 hobgoblins
  3 jackals (D:3)
  3 kobolds
  2 quokkas
  A ball python (D:3)
  3 frilled lizards
  5 rats
44 creatures vanquished.

Vanquished Creatures (others)
  5 toadstools (D:1)
5 creatures vanquished.

Grand Total: 49 creatures vanquished

Notes
Turn   | Place    | Note
-------+----------+-------------------------------------------
     0 | D:1      | MTVSty1e the Demonspawn Necromancer began the quest for the Orb.
     0 | D:1      | Reached XP level 1. HP: 13/13 MP: 3/3
    74 | D:1      | Reached skill level 1 in Fighting
   421 | D:1      | Gained mutation: You have sharp fingernails. [demonic ancestry]
   421 | D:1      | Reached XP level 2. HP: 17/21 MP: 5/5
  1051 | D:2      | Gained mutation: You have a pair of small antennae on your head. [demonic ancestry]
  1051 | D:2      | Reached XP level 3. HP: 26/28 MP: 6/6
  1726 | D:2      | Found a deep blue altar of Sif Muna.
  1815 | D:2      | Learned a level 3 spell: Regeneration
  2350 | D:3      | Gained mutation: You have a pair of antennae on your head. [demonic ancestry]
  2350 | D:3      | Reached XP level 4. HP: 35/36 MP: 7/7
  2601 | D:3      | Found an ornate altar of the Wu Jian Council.
  3055 | D:4      | Found a basalt altar of Yredelemnul.
  3073 | D:4      | Noticed Natasha
  3085 | D:4      | Killed from afar by Natasha

Vault maps used:
D:1:      ldierk_walled_garden
D:2:      lemuel_blue_sif_altar
D:3:      lemuel_crystal_altar, minmay_stone_trees_small
D:4:      minmay_goblin_kobold_castle, kennysheep_ying_yang, temple_doors_cd,
          first_bread, uniq_duvessa, uniq_natasha

Skill      XL: |  1  2  3  4 |
---------------+-------------+-----
Fighting       | 1 2 3 4 |  4.0
Dodging        | |  1.7
Stealth        | |  1.7
Spellcasting   | |  2.0
Necromancy     | |  4.3

Action                   |  1- 3 |  4- 6 || total
-------------------------+-------+-------++-------
Melee: Unarmed           |    39 |       ||    39
       Mace              |    21 |       ||    21
       Short sword       |   135 |    51 ||   186
 Cast: Pain              |     3 |       ||     3
       Regeneration      |       |     1 ||     1
Evoke: Wand              |       |     1 ||     1
  Use: Scroll            |       |     5 ||     5
 Stab: Sleeping          |     3 |     1 ||     4
  Eat: Bread ration      |     1 |     1 ||     2
Armor: Robe              |    31 |     8 ||    39
       Chain mail        |    80 |       ||    80
Dodge: Dodged            |   104 |    54 ||   158
